 Dungeon Crawl Stone Soup version 0.18.1-5-g4a78601 (webtiles) character file.

86 Jerry the Charmwright (level 4, -1/36 HPs)
             Began as a Demigod Skald on May 14, 2016.
             Slain by a worm (8 damage)
             ... on level 2 of the Dungeon.
             The game lasted 00:07:23 (2009 turns).

Jerry the Charmwright (Demigod Skald)               Turns: 2009, Time: 00:07:24

Health: -1/36      AC:  5    Str: 15    XL:     4   Next: 6%
Magic:  7/9        EV: 10    Int: 16    God:
Gold:   60         SH:  0    Dex: 17    Spells: 3 memorised, 1 level left

rFire  . . .     SeeInvis .     a - +0 falchion
rCold  . . .     Gourm    .     i - +0 ring mail
rNeg   . . .     Faith    .     (no shield)
rPois  .         Spirit   .     (no helmet)
rElec  .         Dismiss  .     (no cloak)
rCorr  .         Reflect  .     (no gloves)
SustAt +         Harm     .     (no boots)
MR     .....                    (no amulet)
Stlth  +.........               (no ring)
                                e - ring of wizardry

@: not resistant to hostile enchantments, very unstealthy
A: high mp 1, sustain attributes
a: no special abilities


You were on level 2 of the Dungeon.
You were not hungry.

You visited 1 branch of the dungeon, and saw 2 of its levels.

You collected 60 gold pieces.

Inventory:

Hand Weapons
 a - a +0 falchion (weapon)
Armour
 i - a +0 ring mail (worn)
Jewellery
 e - a ring of wizardry (left hand)
Scrolls
 b - 3 scrolls of identify
Potions
 h - 2 potions of magic
 j - a potion of cure mutation
Books
 c - a book of Battle

   Spells                             Type                      Level
   a - Infusion                       Charms                       1
   b - Shroud of Golubria             Charms/Translocation         2
   c - Song of Slaying                Charms                       2
   d - Spectral Weapon                Hexes/Charms                 3
   e - Regeneration                   Charms/Necromancy            3
Comestibles
 d - a bread ration


   Skills:
 - Level 1.7 Fighting
 + Level 2.9 Long Blades
 + Level 2.0 Armour
 - Level 0.8 Dodging
 - Level 1.7 Spellcasting
 + Level 3.5 Charms


You had one spell level left.
You knew the following spells:

 Your Spells              Type           Power        Failure   Level  Hunger
a - Infusion              Chrm           ##..         4%          1    ##.....
b - Shroud of Golubria    Chrm/Tloc      #.........   14%         2    ###....
c - Song of Slaying       Chrm           ##......     7%          2    ###....


Dungeon Overview and Level Annotations

Branches:
Dungeon (2/15)


Innate Abilities, Weirdness & Mutations

You have an increased reservoir of magic (+10% MP).
Your attributes are resistant to harm.


Message History

The worm is heavily wounded.
The hobgoblin barely misses you. The worm closely misses you.
You hit the worm.
The worm is heavily wounded.
The hobgoblin hits you with a mace. The worm bites you!
* * * LOW HITPOINT WARNING * * *
You are too injured to fight recklessly!
You are too injured to fight recklessly!
Casting: Shroud of Golubria
Confirm with . or Enter, or press ? or * to list all spells.
Space distorts slightly along a thin shroud covering your body.
The hobgoblin hits you but does no damage.
You are too injured to fight recklessly!
You are too injured to fight recklessly!
You barely miss the hobgoblin. The hobgoblin misses you.
The worm barely misses you.
You hit the hobgoblin.
The hobgoblin is almost dead.
The hobgoblin closely misses you. The worm bites you!
You die...

#.# #.##.##.#####
#.# #............
#.#######(#.#####
#.#.......(.#
#######.#.###.....#
........# #...<...#
.......##......#(.#
#....#.# ##.#..#(.#
#....#.# #.##.#@.#
#....#.# #
#.#wg......
#....#.# ..#######
######.# ##.# #
#.#. ..# # ... .##
# .. . # g. #. # g#


You could see a worm and a hobgoblin.

Vanquished Creatures
  4 gnolls
  3 worms (D:2)
  2 giant geckos (D:1)
  A ball python (D:1)
  7 bats
  5 goblins (D:1)
  7 hobgoblins (D:1)
  2 jackals (D:2)
  A quokka (D:1)
  A giant newt (D:1)
  2 kobolds (D:1)
  A rat (D:2)
36 creatures vanquished.

Notes
Turn   | Place    | Note
--------------------------------------------------------------
     0 | D:1      | Jerry the Demigod Skald began the quest for the Orb.
     0 | D:1      | Reached XP level 1. HP: 17/17 MP: 5/5
    36 | D:1      | Reached skill level 1 in Armour
   259 | D:1      | Reached XP level 2. HP: 24/24 MP: 7/7
   263 | D:1      | Learned a level 2 spell: Shroud of Golubria
   308 | D:1      | Reached skill level 3 in Charms
   948 | D:2      | Reached XP level 3. HP: 28/29 MP: 8/8
  1445 | D:2      | HP: 1/29 [gnoll/spear (5)]
  1735 | D:2      | Reached XP level 4. HP: 18/36 MP: 7/9
  1888 | D:2      | Learned a level 2 spell: Song of Slaying
  1900 | D:2      | Noticed a hippogriff
  2009 | D:2      | Slain by a worm

Skill      XL: |  1  2  3  4 |
---------------+-------------+-----
Armour         | 1 2 |  2.0
Long Blades    | 2 |  2.9
Charms         | 3 |  3.5
Fighting       | |  1.7
Dodging        | |  0.8
Spellcasting   | |  1.7

Action                   |  1- 3 |  4- 6 || total
-------------------------+-------+-------++-------
Melee: Falchion          |   125 |    15 ||   140
 Cast: Shroud of Golubri |     3 |     1 ||     4
  Use: Scroll            |     3 |       ||     3
 Stab: Distracted        |       |     1 ||     1
  Eat: Chunk             |     3 |     1 ||     4
Armor: Leather armour    |    22 |       ||    22
       Ring mail         |    18 |     3 ||    21
Dodge: Dodged            |    87 |    12 ||    99
